 Dungeon Crawl Stone Soup version 0.28-a0-850-g09de17f5b5 (webtiles) character file.

Game seed: 16537791237959800798

72 Crownlay the Poker (level 4, 0/37 HPs)
             Began as a Minotaur Gladiator on Nov 13, 2021.
             Was a Follower of Dithmenos.
             Slain by a sky beast (2 damage)
             ... on level 2 of the Dungeon.
             The game lasted 00:01:34 (1585 turns).

Crownlay the Poker (Minotaur Gladiator)             Turns: 1585, Time: 00:01:35

Health: 0/37       AC:  3    Str: 20    XL:     4   Next: 7%
Magic:  3/3        EV: 12    Int:  5    God:    Dithmenos [*.....]
Gold:   62         SH:  0    Dex: 11    Spells: 3/3 levels left

rFire   . . .      SeeInvis +   a - +0 trident
rCold   . . .      Faith    .   (no shield)
rNeg    . . .      Spirit   .   b - +0 leather armour
rPois   .          Reflect  .   c - +0 hat
rElec   .          Harm     .   (no cloak)
rCorr   .          Rampage  .   (no gloves)
Will    .....                   (no boots)
Stlth   +.........              (no amulet)
HPRegen 0.12/turn               k - ring of see invisible
MPRegen 0.08/turn               (no ring)

@: wreathed by umbra
A: horns 2, retaliatory headbutt
a: Renounce Religion


You were on level 2 of the Dungeon.
You worshipped Dithmenos.
Dithmenos was aware of your devotion.
You visited 1 branch of the dungeon, and saw 3 of its levels.

You collected 62 gold pieces.

Inventory:

Hand Weapons
 a - a +0 trident (weapon)
Missiles
 d - 2 throwing nets (quivered)
Armour
 b - a +0 leather armour (worn)
 c - a +0 hat (worn)
Jewellery
 k - a ring of see invisible (left hand)
 n - an amulet of faith
Scrolls
 f - a scroll of fog {unknown}
 g - a scroll of magic mapping {unknown}
 h - a scroll of enchant armour {unknown}
 o - a scroll of identify {unknown}
Potions
 e - a potion of flight {unknown}
 i - a potion of brilliance {unknown}
 j - a potion of degeneration {unknown}
 l - a potion of haste {unknown}
 m - a potion of heal wounds {unknown}


   Skills:
 - Level 2.4 Fighting
 + Level 4.5 Polearms
 * Level 3.8 Throwing
 - Level 3.2 Dodging


You had 3 spell levels left.
You didn't know any spells.
Your spell library was empty.

Dungeon Overview and Level Annotations

Branches:
Dungeon (3/15)

Altars:
Dithmenos


Innate Abilities, Weirdness & Mutations

You have a pair of horns on your head.
You reflexively headbutt those who attack you in melee.


Message History

You are too injured to fight recklessly!
You are too injured to fight recklessly!
You are too injured to fight recklessly!
You are too injured to fight recklessly!
You are too injured to fight recklessly!
The sky beast hits you but does no damage.
The sky beast hits you. The sky beast shocks you.
* * * LOW HITPOINT WARNING * * *
There is a stone staircase leading up, spattered with blood here.
The sky beast misses you.
There is a stone staircase leading up here.
The sky beast hits you.
* * * LOW HITPOINT WARNING * * *
The sky beast shocks you.
* * * LOW HITPOINT WARNING * * *
You climb upwards.
There is a stone staircase leading down here.
Throw: 3 throwing nets
Press: ? - help, Q - select action Shift-Dir - straight line, f - sky beast
Aim: a sky beast (lightly wounded, umbra, 46% to hit)
You throw a throwing net. The throwing net hits the sky beast.
The sky beast is caught in the net!
The sky beast is lightly wounded.
You hit the sky beast. You headbutt the sky beast.
The sky beast is moderately wounded.
The sky beast struggles against the net.
You barely miss the sky beast. You headbutt the sky beast!
The sky beast is severely wounded.
The sky beast struggles against the net. x2
You hit the sky beast.
The sky beast is severely wounded.
The sky beast struggles against the net.
You hit the sky beast but do no damage.
The sky beast is severely wounded.
The sky beast struggles against the net.
The net rips apart, and the sky beast comes free!
You miss the sky beast.
The sky beast is severely wounded.
The sky beast hits you.
You die...

#....##...รท........########.#.###
#....##......#................#..
.....##......#................#.#
.....##......#................#.#
.....##......#...##...........#.#
...####......##..##........<..#.#
...####......##..##...........#.#
.......#########.##...........#.#
...###.# #@#....^..####.#.# ...#
#.# #Y#.##.##.####.#.. ...# #.#
#.#....##.#<...### ####
#.#########.#.#..##.######
#...........#.#.###.#
##################.#.....#
...................#######
####################


You could see a sky beast.

Vanquished Creatures
  3 adders (D:2)
  A worm (D:2)
  A dart slug (D:1)
  2 bats (D:1)
  3 endoplasms
  4 giant cockroaches
  4 goblins
  3 hobgoblins
  5 quokkas
  2 ball pythons (D:2)
  2 frilled lizards (D:2)
  A kobold (D:1)
  8 rats
39 creatures vanquished.

Notes
Turn   | Place    | Note
-------+----------+-------------------------------------------
     0 | D:1      | Crownlay the Minotaur Gladiator began the quest for the
                  | Orb.
     0 | D:1      | Reached XP level 1. HP: 18/18 MP: 0/0
   127 | D:1      | Reached XP level 2. HP: 24/25 MP: 1/1
   286 | D:1      | Reached skill level 4 in Polearms
   380 | D:1      | Found a faded altar of an unknown god.
   381 | D:1      | Noticed a golden eye
   387 | D:1      | Noticed a shining eye
   387 | D:1      | Noticed a shining eye
   387 | D:1      | Noticed a floating eye
   611 | D:1      | Prayed at the altar of an unknown god.
   611 | D:1      | Became a worshipper of Dithmenos the Shadowed
   611 | D:1      | Reached * piety under Dithmenos
   750 | D:2      | Reached XP level 3. HP: 28/30 MP: 2/2
  1087 | D:2      | Reached XP level 4. HP: 37/37 MP: 3/3
  1559 | D:3      | Noticed a sky beast
  1578 | D:3      | HP: 1/37 [sky beast (5)]
  1585 | D:2      | Slain by a sky beast

Illustrated notes

Levels and vault maps discovered:
D:1:      scummos_arrival_forest, layout_rooms,
          hellmonk_ecumenical_altar_watching_god
D:2:      layout_basic
D:3:      lemuel_castle_with_subvaults [lemuel_castle_interior_carwin_3],
          layout_rooms, nemelex_xobeh_ov_fountains_minmay, serial_shops,
          nicolae_shop_trees, serial_bayou_ford_a, serial_bayou_lagoon_a,
          minmay_misc_feat_tiny, uniq_terence, uniq_grinder

Skill      XL: |  1  2 |
---------------+-------+-----
Polearms       | 4 |  4.5
Throwing       | 3 |  3.8
Fighting       | |  2.4
Dodging        | |  3.2

Action                   |  1- 3 |  4- 6 || total
-------------------------+-------+-------++-------
Melee: Trident           |    69 |    18 ||    87
       Headbutt          |     4 |     3 ||     7
Throw: Throwing net      |       |     1 ||     1
 Stab: Sleeping          |     2 |       ||     2
Armor: Leather armour    |    10 |     4 ||    14
Dodge: Dodged            |    24 |     8 ||    32

Table legend: (Time is in decaauts)
 A = Elapsed time spent in this place.
 B = Non-inter-level travel time spent in this place.
 C = Inter-level travel time spent in this place.
 D = Time resting spent in this place.
 E = Time spent auto-exploring this place.
 F = Levels seen in this place.
 G = Mean time per level.
                   A        B        C        D        E       F      G
               +--------+--------+--------+--------+--------+-----+--------+
         Total |   1594 |   1488 |    106 |      0 |   1268 |   3 |  531.3 |
       Dungeon |   1594 |   1488 |    106 |      0 |   1268 |   3 |  531.3 |
               +--------+--------+--------+--------+--------+-----+--------+

Top non-repeatable levels by time:
     D:2: 924 daAuts
     D:1: 647 daAuts
     D:3: 22 daAuts
